AoeStats
← (° ^ °)???

Nomad

508668296Analyzed
4v4 RM · 9d ago on Sep 23, 2026· 44m 38s· 8 players
Game mode
Random Map
Map size
231×231
Population
200
Speed
Normal
Resources
Standard
Victory
Conquest
Starting age
Dark Age
Ending age
Imperial Age
RankedLock teamsTeams togetherTeam positionsShared explorationLock speedFull tech treeHidden civsTurbo modeCheats
Victory
Defeat
🇭🇰 Mongols · Hong Kong SAR China
1565
+11
🇹🇷 Spanish · Türkiye
1535
+13
🇨🇳 Wei · China
1534
+13
🇹🇼 Japanese · Taiwan
1425
+17
🇦🇷 Persians · Argentina
1469
-14
🇬🇧 Dravidians · United Kingdom
1460
-14
🇵🇪 Khmer · Peru
1456
-13
🇩🇰 Varangians · Denmark
1444
-13
EWC KukaLLi7
3:54 Loom
6:03 Loom
13:48 Feudal Age
15:54 Wheelbarrow
16:02 Double-Bit Axe
16:29 Stone Mining
16:30 Gold Mining
18:45 Castle Age
17:36 Fishing Lines
19:11 Scale Barding Armor
19:17 Forging
19:54 Hand Cart
19:21 Horse Collar
19:55 Bow Saw
20:47 Fletching
20:45 Pikeman
21:43 Scale Mail Armor
35:41 Imperial Age
33:37 Town Watch
34:17 Squires
34:08 Man-at-Arms
34:35 Gambesons
34:36 Arson
35:18 Long Swordsman
36:16 Chain Mail Armor
36:36 Iron Casting
37:45 Capped Ram
40:30 Bodkin Arrow
40:35 Padded Archer Armor
40:52 Kamandaran
40:33 Elite Skirmisher
41:53 Thumb Ring
42:14 Leather Archer Armor
43:33 Chemistry
43:42 Ring Archer Armor
43:57 Ballistics
43:13 Crossbowman
FinishedMyBurger
11:06 Loom
13:37 Feudal Age
18:15 Castle Age
16:59 Fishing Lines
17:25 Double-Bit Axe
17:31 Gold Mining
19:02 Wheelbarrow
18:50 Fletching
19:14 Bow Saw
20:26 Bodkin Arrow
23:46 Hand Cart
24:20 Horse Collar
27:09 Gillnets
27:26 Town Watch
28:01 Stone Mining
30:17 Scale Mail Armor
30:28 Forging
33:03 Imperial Age
32:41 Squires
32:26 Gambesons
32:57 Chain Mail Armor
33:28 Arson
33:05 Elite Varangian Guard
33:09 Capped Ram
34:10 Conscription
36:50 Siege Ram
39:23 Husbandry
39:34 Bloodlines
42:08 Coinage
42:45 Plate Mail Armor
42:50 Iron Casting
42:41 Siege Engineers
44:06 Scale Barding Armor
44:05 Cavalier
darkwwww2015
14:46 Feudal Age
15:14 Double-Bit Axe
15:20 Gold Mining
15:43 Fishing Lines
15:52 Loom
18:53 Castle Age
19:46 Medium Warships
20:06 Pikeman
20:47 Squires
20:59 Forging
21:58 Wheelbarrow
21:50 Scale Mail Armor
22:30 Bow Saw
23:14 Iron Casting
23:57 Stone Mining
25:13 Fletching
28:55 Imperial Age
27:53 Chain Mail Armor
28:26 Horse Collar
35:26 Bodkin Arrow
38:16 Bracer
38:06 Elite Skirmisher
38:54 Thumb Ring
39:48 Padded Archer Armor
40:42 Hand Cart
41:30 Masonry
43:07 Chemistry
42:28 Town Watch
42:05 Halberdier
43:29 Plate Mail Armor
Maech_
9:42 Loom
12:32 Feudal Age
17:30 Castle Age
15:40 Double-Bit Axe
16:49 Horse Collar
23:53 Husbandry
38:56 Light Cavalry
40:20 Town Watch
40:55 Bloodlines
41:55 Scale Barding Armor
43:25 Chain Barding Armor
Smoke Monkey.Mua
9:08 Loom
11:58 Feudal Age
16:52 Castle Age
16:34 Town Watch
28:24 Double-Bit Axe
37:18 Fletching
No_English
4:57 Loom
14:01 Feudal Age
17:58 Castle Age
16:06 Double-Bit Axe
16:07 Horse Collar
19:23 Bow Saw
19:25 Fletching
21:27 Wheelbarrow
22:09 Heavy Plow
22:01 Town Watch
24:43 Scale Mail Armor
24:40 Gold Mining
26:14 Stone Mining
26:43 Hand Cart
27:51 Chain Mail Armor
29:06 Gold Shaft Mining
29:41 Forging
30:09 Squires
30:22 Gambesons
35:12 Imperial Age
32:06 Pikeman
33:04 Bodkin Arrow
34:37 Iron Casting
34:39 Arson
35:39 Murder Holes
35:35 Halberdier
36:49 Plate Mail Armor
37:04 Ballistics
37:40 Conscription
37:20 Elite Samurai
39:15 Blast Furnace
39:48 Kataparuto
42:19 Two-Man Saw
41:08 Arrowslits
41:33 Yasama
43:23 Town Patrol
43:25 Bracer
(° ^ °)???
4:23 Loom
13:41 Feudal Age
14:28 Double-Bit Axe
18:31 Castle Age
17:25 Horse Collar
18:24 Fishing Lines
19:33 Bow Saw
19:14 Town Watch
21:15 Wheelbarrow
20:34 Fletching
28:06 Scale Barding Armor
28:26 Gold Mining
29:44 Hand Cart
30:48 Chain Barding Armor
31:01 Forging
31:42 Gold Shaft Mining
31:00 Stone Mining
31:30 Bloodlines
31:20 Husbandry
35:54 Imperial Age
34:03 Bodkin Arrow
34:22 Padded Archer Armor
36:42 Bracer
37:03 Thumb Ring
38:22 Leather Archer Armor
43:21 Ballistics
mbxmm
5:06 Loom
13:04 Feudal Age
14:37 Wheelbarrow
14:16 Double-Bit Axe
18:34 Castle Age
17:33 Fishing Lines
19:17 Forging
19:56 Scale Barding Armor
30:19 Stone Mining
31:22 Gold Mining
33:23 Gold Shaft Mining
34:07 Stone Shaft Mining
34:25 Hand Cart
38:14 Imperial Age
37:31 Fletching
37:50 Padded Archer Armor
38:10 Bodkin Arrow
38:44 Thumb Ring
38:24 Onager
39:50 Bracer
41:11 Leather Archer Armor
40:42 Horse Collar
43:43 Chemistry
43:20 Husbandry
43:30 Bloodlines
44:07 Conscription
44:33 Drill
44:42 Ballistics
44:23 Elite Mangudai
Connection lost

Rejoining the realm…

Still unreachable

The connection could not be restored.

Session expired

The server has moved on; the page needs a fresh start.